%YAML 1.1
%TAG !u! tag:unity3d.com,2011:
--- !u!29 &1
OcclusionCullingSettings:
  m_ObjectHideFlags: 0
  serializedVersion: 2
  m_OcclusionBakeSettings:
    smallestOccluder: 5
    smallestHole: 0.25
    backfaceThreshold: 100
  m_SceneGUID: 00000000000000000000000000000000
  m_OcclusionCullingData: {fileID: 0}
--- !u!104 &2
RenderSettings:
  m_ObjectHideFlags: 0
  serializedVersion: 9
  m_Fog: 0
  m_FogColor: {r: 0.5, g: 0.5, b: 0.5, a: 1}
  m_FogMode: 3
  m_FogDensity: 0.01
  m_LinearFogStart: 0
  m_LinearFogEnd: 300
  m_AmbientSkyColor: {r: 0.212, g: 0.227, b: 0.259, a: 1}
  m_AmbientEquatorColor: {r: 0.114, g: 0.125, b: 0.133, a: 1}
  m_AmbientGroundColor: {r: 0.047, g: 0.043, b: 0.035, a: 1}
  m_AmbientIntensity: 1
  m_AmbientMode: 0
  m_SubtractiveShadowColor: {r: 0.42, g: 0.478, b: 0.627, a: 1}
  m_SkyboxMaterial: {fileID: 2100000, guid: 2bd8959f5fbd3644aa33af1a155fc147, type: 2}
  m_HaloStrength: 0.5
  m_FlareStrength: 1
  m_FlareFadeSpeed: 3
  m_HaloTexture: {fileID: 0}
  m_SpotCookie: {fileID: 10001, guid: 0000000000000000e000000000000000, type: 0}
  m_DefaultReflectionMode: 0
  m_DefaultReflectionResolution: 128
  m_ReflectionBounces: 1
  m_ReflectionIntensity: 1
  m_CustomReflection: {fileID: 0}
  m_Sun: {fileID: 0}
  m_IndirectSpecularColor: {r: 0.36287206, g: 0.56616855, b: 0.84371454, a: 1}
  m_UseRadianceAmbientProbe: 0
--- !u!157 &3
LightmapSettings:
  m_ObjectHideFlags: 0
  serializedVersion: 12
  m_GIWorkflowMode: 1
  m_GISettings:
    serializedVersion: 2
    m_BounceScale: 1
    m_IndirectOutputScale: 1
    m_AlbedoBoost: 1
    m_EnvironmentLightingMode: 0
    m_EnableBakedLightmaps: 1
    m_EnableRealtimeLightmaps: 0
  m_LightmapEditorSettings:
    serializedVersion: 12
    m_Resolution: 2
    m_BakeResolution: 40
    m_AtlasSize: 1024
    m_AO: 0
    m_AOMaxDistance: 1
    m_CompAOExponent: 1
    m_CompAOExponentDirect: 0
    m_ExtractAmbientOcclusion: 0
    m_Padding: 2
    m_LightmapParameters: {fileID: 0}
    m_LightmapsBakeMode: 1
    m_TextureCompression: 1
    m_FinalGather: 0
    m_FinalGatherFiltering: 1
    m_FinalGatherRayCount: 256
    m_ReflectionCompression: 2
    m_MixedBakeMode: 2
    m_BakeBackend: 1
    m_PVRSampling: 1
    m_PVRDirectSampleCount: 32
    m_PVRSampleCount: 512
    m_PVRBounces: 2
    m_PVREnvironmentSampleCount: 256
    m_PVREnvironmentReferencePointCount: 2048
    m_PVRFilteringMode: 1
    m_PVRDenoiserTypeDirect: 1
    m_PVRDenoiserTypeIndirect: 1
    m_PVRDenoiserTypeAO: 1
    m_PVRFilterTypeDirect: 0
    m_PVRFilterTypeIndirect: 0
    m_PVRFilterTypeAO: 0
    m_PVREnvironmentMIS: 1
    m_PVRCulling: 1
    m_PVRFilteringGaussRadiusDirect: 1
    m_PVRFilteringGaussRadiusIndirect: 5
    m_PVRFilteringGaussRadiusAO: 2
    m_PVRFilteringAtrousPositionSigmaDirect: 0.5
    m_PVRFilteringAtrousPositionSigmaIndirect: 2
    m_PVRFilteringAtrousPositionSigmaAO: 1
    m_ExportTrainingData: 0
    m_TrainingDataDestination: TrainingData
    m_LightProbeSampleCountMultiplier: 4
  m_LightingDataAsset: {fileID: 112000000, guid: 441f4694e89434b10a8865fcbff3da59,
    type: 2}
  m_LightingSettings: {fileID: 0}
--- !u!196 &4
NavMeshSettings:
  serializedVersion: 2
  m_ObjectHideFlags: 0
  m_BuildSettings:
    serializedVersion: 2
    agentTypeID: 0
    agentRadius: 0.5
    agentHeight: 2
    agentSlope: 40
    agentClimb: 0.4
    ledgeDropHeight: 0
    maxJumpAcrossDistance: 0
    minRegionArea: 2
    manualCellSize: 0
    cellSize: 0.16666667
    manualTileSize: 0
    tileSize: 256
    accuratePlacement: 0
    maxJobWorkers: 0
    preserveTilesOutsideBounds: 0
    debug:
      m_Flags: 0
  m_NavMeshData: {fileID: 23800000, guid: 7aa1a9509eb3045c195a017683b629bf, type: 2}
--- !u!1001 &407049694
PrefabInstance:
  m_ObjectHideFlags: 0
  serializedVersion: 2
  m_Modification:
    m_TransformParent: {fileID: 0}
    m_Modifications:
    - target: {fileID: 326487904789224214, guid: 1cbd27ea2011444c783e669daebd901c,
        type: 3}
      propertyPath: m_Name
      value: Portal
      objectReference: {fileID: 0}
    - target: {fileID: 689751765136340795, guid: 1cbd27ea2011444c783e669daebd901c,
        type: 3}
      propertyPath: m_LocalPosition.y
      value: 0
      objectReference: {fileID: 0}
    - target: {fileID: 689751765136340795, guid: 1cbd27ea2011444c783e669daebd901c,
        type: 3}
      propertyPath: m_LocalPosition.z
      value: 6.9
      objectReference: {fileID: 0}
    - target: {fileID: 689751765136340795, guid: 1cbd27ea2011444c783e669daebd901c,
        type: 3}
      propertyPath: m_LocalRotation.w
      value: 1
      objectReference: {fileID: 0}
    - target: {fileID: 689751765136340795, guid: 1cbd27ea2011444c783e669daebd901c,
        type: 3}
      propertyPath: m_LocalRotation.x
      value: 0
      objectReference: {fileID: 0}
    - target: {fileID: 689751765136340795, guid: 1cbd27ea2011444c783e669daebd901c,
        type: 3}
      propertyPath: m_LocalRotation.y
      value: 0
      objectReference: {fileID: 0}
    - target: {fileID: 689751765136340795, guid: 1cbd27ea2011444c783e669daebd901c,
        type: 3}
      propertyPath: m_LocalRotation.z
      value: 0
      objectReference: {fileID: 0}
    - target: {fileID: 689751765136340795, guid: 1cbd27ea2011444c783e669daebd901c,
        type: 3}
      propertyPath: m_LocalEulerAnglesHint.y
      value: 0
      objectReference: {fileID: 0}
    - target: {fileID: 1409119398314097662, guid: 1cbd27ea2011444c783e669daebd901c,
        type: 3}
      propertyPath: sceneToLoad
      value: 0
      objectReference: {fileID: 0}
    - target: {fileID: 2888025062635308169, guid: 1cbd27ea2011444c783e669daebd901c,
        type: 3}
      propertyPath: m_RootOrder
      value: 2
      objectReference: {fileID: 0}
    - target: {fileID: 2888025062635308169, guid: 1cbd27ea2011444c783e669daebd901c,
        type: 3}
      propertyPath: m_LocalPosition.x
      value: -9.5
      objectReference: {fileID: 0}
    - target: {fileID: 2888025062635308169, guid: 1cbd27ea2011444c783e669daebd901c,
        type: 3}
      propertyPath: m_LocalPosition.y
      value: 2.25
      objectReference: {fileID: 0}
    - target: {fileID: 2888025062635308169, guid: 1cbd27ea2011444c783e669daebd901c,
        type: 3}
      propertyPath: m_LocalPosition.z
      value: -19.33
      objectReference: {fileID: 0}
    - target: {fileID: 2888025062635308169, guid: 1cbd27ea2011444c783e669daebd901c,
        type: 3}
      propertyPath: m_LocalRotation.w
      value: 1
      objectReference: {fileID: 0}
    - target: {fileID: 2888025062635308169, guid: 1cbd27ea2011444c783e669daebd901c,
        type: 3}
      propertyPath: m_LocalRotation.x
      value: 0
      objectReference: {fileID: 0}
    - target: {fileID: 2888025062635308169, guid: 1cbd27ea2011444c783e669daebd901c,
        type: 3}
      propertyPath: m_LocalRotation.y
      value: 0
      objectReference: {fileID: 0}
    - target: {fileID: 2888025062635308169, guid: 1cbd27ea2011444c783e669daebd901c,
        type: 3}
      propertyPath: m_LocalRotation.z
      value: 0
      objectReference: {fileID: 0}
    - target: {fileID: 2888025062635308169, guid: 1cbd27ea2011444c783e669daebd901c,
        type: 3}
      propertyPath: m_LocalEulerAnglesHint.x
      value: 0
      objectReference: {fileID: 0}
    - target: {fileID: 2888025062635308169, guid: 1cbd27ea2011444c783e669daebd901c,
        type: 3}
      propertyPath: m_LocalEulerAnglesHint.y
      value: 0
      objectReference: {fileID: 0}
    - target: {fileID: 2888025062635308169, guid: 1cbd27ea2011444c783e669daebd901c,
        type: 3}
      propertyPath: m_LocalEulerAnglesHint.z
      value: 0
      objectReference: {fileID: 0}
    - target: {fileID: 8034105815617226758, guid: 1cbd27ea2011444c783e669daebd901c,
        type: 3}
      propertyPath: m_Size.x
      value: 8.35
      objectReference: {fileID: 0}
    - target: {fileID: 8034105815617226758, guid: 1cbd27ea2011444c783e669daebd901c,
        type: 3}
      propertyPath: m_Size.y
      value: 5.18
      objectReference: {fileID: 0}
    - target: {fileID: 8034105815617226758, guid: 1cbd27ea2011444c783e669daebd901c,
        type: 3}
      propertyPath: m_Size.z
      value: 4
      objectReference: {fileID: 0}
    - target: {fileID: 8034105815617226758, guid: 1cbd27ea2011444c783e669daebd901c,
        type: 3}
      propertyPath: m_IsTrigger
      value: 1
      objectReference: {fileID: 0}
    m_RemovedComponents: []
  m_SourcePrefab: {fileID: 100100000, guid: 1cbd27ea2011444c783e669daebd901c, type: 3}
--- !u!1001 &640331974
PrefabInstance:
  m_ObjectHideFlags: 0
  serializedVersion: 2
  m_Modification:
    m_TransformParent: {fileID: 0}
    m_Modifications:
    - target: {fileID: 4291853625825746394, guid: ee44e1c117d1943818b0bb2d335d7662,
        type: 3}
      propertyPath: persistentObjectPrefab
      value: 
      objectReference: {fileID: 553286720368486061, guid: dff6d34e8033649ea948a9b933104a5e,
        type: 3}
    - target: {fileID: 6356593206002459413, guid: ee44e1c117d1943818b0bb2d335d7662,
        type: 3}
      propertyPath: m_LocalPosition.x
      value: -10.01
      objectReference: {fileID: 0}
    - target: {fileID: 6356593206002459413, guid: ee44e1c117d1943818b0bb2d335d7662,
        type: 3}
      propertyPath: m_LocalPosition.y
      value: -0.007
      objectReference: {fileID: 0}
    - target: {fileID: 6356593206002459413, guid: ee44e1c117d1943818b0bb2d335d7662,
        type: 3}
      propertyPath: m_LocalPosition.z
      value: -12.67
      objectReference: {fileID: 0}
    - target: {fileID: 6356593206002459413, guid: ee44e1c117d1943818b0bb2d335d7662,
        type: 3}
      propertyPath: m_LocalRotation.w
      value: 1
      objectReference: {fileID: 0}
    - target: {fileID: 6356593206002459413, guid: ee44e1c117d1943818b0bb2d335d7662,
        type: 3}
      propertyPath: m_LocalRotation.x
      value: 0
      objectReference: {fileID: 0}
    - target: {fileID: 6356593206002459413, guid: ee44e1c117d1943818b0bb2d335d7662,
        type: 3}
      propertyPath: m_LocalRotation.y
      value: 0
      objectReference: {fileID: 0}
    - target: {fileID: 6356593206002459413, guid: ee44e1c117d1943818b0bb2d335d7662,
        type: 3}
      propertyPath: m_LocalRotation.z
      value: 0
      objectReference: {fileID: 0}
    - target: {fileID: 6356593206002459413, guid: ee44e1c117d1943818b0bb2d335d7662,
        type: 3}
      propertyPath: m_LocalEulerAnglesHint.y
      value: 0
      objectReference: {fileID: 0}
    - target: {fileID: 8404835574570590945, guid: ee44e1c117d1943818b0bb2d335d7662,
        type: 3}
      propertyPath: m_LocalPosition.x
      value: -9.0673065
      objectReference: {fileID: 0}
    - target: {fileID: 8404835574570590945, guid: ee44e1c117d1943818b0bb2d335d7662,
        type: 3}
      propertyPath: m_LocalPosition.y
      value: 5.171134
      objectReference: {fileID: 0}
    - target: {fileID: 8404835574570590945, guid: ee44e1c117d1943818b0bb2d335d7662,
        type: 3}
      propertyPath: m_LocalPosition.z
      value: -21.17284
      objectReference: {fileID: 0}
    - target: {fileID: 8404835575014044196, guid: ee44e1c117d1943818b0bb2d335d7662,
        type: 3}
      propertyPath: m_Name
      value: Core
      objectReference: {fileID: 0}
    - target: {fileID: 8404835575014044197, guid: ee44e1c117d1943818b0bb2d335d7662,
        type: 3}
      propertyPath: m_RootOrder
      value: 1
      objectReference: {fileID: 0}
    - target: {fileID: 8404835575014044197, guid: ee44e1c117d1943818b0bb2d335d7662,
        type: 3}
      propertyPath: m_LocalPosition.x
      value: 0
      objectReference: {fileID: 0}
    - target: {fileID: 8404835575014044197, guid: ee44e1c117d1943818b0bb2d335d7662,
        type: 3}
      propertyPath: m_LocalPosition.y
      value: 0
      objectReference: {fileID: 0}
    - target: {fileID: 8404835575014044197, guid: ee44e1c117d1943818b0bb2d335d7662,
        type: 3}
      propertyPath: m_LocalPosition.z
      value: 0
      objectReference: {fileID: 0}
    - target: {fileID: 8404835575014044197, guid: ee44e1c117d1943818b0bb2d335d7662,
        type: 3}
      propertyPath: m_LocalRotation.w
      value: 1
      objectReference: {fileID: 0}
    - target: {fileID: 8404835575014044197, guid: ee44e1c117d1943818b0bb2d335d7662,
        type: 3}
      propertyPath: m_LocalRotation.x
      value: 0
      objectReference: {fileID: 0}
    - target: {fileID: 8404835575014044197, guid: ee44e1c117d1943818b0bb2d335d7662,
        type: 3}
      propertyPath: m_LocalRotation.y
      value: 0
      objectReference: {fileID: 0}
    - target: {fileID: 8404835575014044197, guid: ee44e1c117d1943818b0bb2d335d7662,
        type: 3}
      propertyPath: m_LocalRotation.z
      value: 0
      objectReference: {fileID: 0}
    - target: {fileID: 8404835575014044197, guid: ee44e1c117d1943818b0bb2d335d7662,
        type: 3}
      propertyPath: m_LocalEulerAnglesHint.x
      value: 0
      objectReference: {fileID: 0}
    - target: {fileID: 8404835575014044197, guid: ee44e1c117d1943818b0bb2d335d7662,
        type: 3}
      propertyPath: m_LocalEulerAnglesHint.y
      value: 0
      objectReference: {fileID: 0}
    - target: {fileID: 8404835575014044197, guid: ee44e1c117d1943818b0bb2d335d7662,
        type: 3}
      propertyPath: m_LocalEulerAnglesHint.z
      value: 0
      objectReference: {fileID: 0}
    - target: {fileID: 8404835575911525016, guid: ee44e1c117d1943818b0bb2d335d7662,
        type: 3}
      propertyPath: m_LocalPosition.x
      value: -9.0673065
      objectReference: {fileID: 0}
    - target: {fileID: 8404835575911525016, guid: ee44e1c117d1943818b0bb2d335d7662,
        type: 3}
      propertyPath: m_LocalPosition.y
      value: 5.171134
      objectReference: {fileID: 0}
    - target: {fileID: 8404835575911525016, guid: ee44e1c117d1943818b0bb2d335d7662,
        type: 3}
      propertyPath: m_LocalPosition.z
      value: -21.17284
      objectReference: {fileID: 0}
    m_RemovedComponents: []
  m_SourcePrefab: {fileID: 100100000, guid: ee44e1c117d1943818b0bb2d335d7662, type: 3}
--- !u!1001 &779343191
PrefabInstance:
  m_ObjectHideFlags: 0
  serializedVersion: 2
  m_Modification:
    m_TransformParent: {fileID: 1007107793}
    m_Modifications:
    - target: {fileID: 130724, guid: d66c89601ce96d4419ce36a4dce3c401, type: 3}
      propertyPath: m_Name
      value: SM_Bld_Fence_02 (2)
      objectReference: {fileID: 0}
    - target: {fileID: 130724, guid: d66c89601ce96d4419ce36a4dce3c401, type: 3}
      propertyPath: m_StaticEditorFlags
      value: 4294967295
      objectReference: {fileID: 0}
    - target: {fileID: 416864, guid: d66c89601ce96d4419ce36a4dce3c401, type: 3}
      propertyPath: m_RootOrder
      value: 3
      objectReference: {fileID: 0}
    - target: {fileID: 416864, guid: d66c89601ce96d4419ce36a4dce3c401, type: 3}
      propertyPath: m_LocalScale.x
      value: 2.4965472
      objectReference: {fileID: 0}
    - target: {fileID: 416864, guid: d66c89601ce96d4419ce36a4dce3c401, type: 3}
      propertyPath: m_LocalScale.z
      value: 2.4965472
      objectReference: {fileID: 0}
    - target: {fileID: 416864, guid: d66c89601ce96d4419ce36a4dce3c401, type: 3}
      propertyPath: m_LocalPosition.x
      value: -8.508464
      objectReference: {fileID: 0}
    - target: {fileID: 416864, guid: d66c89601ce96d4419ce36a4dce3c401, type: 3}
      propertyPath: m_LocalPosition.y
      value: -6.1250496
      objectReference: {fileID: 0}
    - target: {fileID: 416864, guid: d66c89601ce96d4419ce36a4dce3c401, type: 3}
      propertyPath: m_LocalPosition.z
      value: -9.065516
      objectReference: {fileID: 0}
    - target: {fileID: 416864, guid: d66c89601ce96d4419ce36a4dce3c401, type: 3}
      propertyPath: m_LocalRotation.w
      value: 0.74484175
      objectReference: {fileID: 0}
    - target: {fileID: 416864, guid: d66c89601ce96d4419ce36a4dce3c401, type: 3}
      propertyPath: m_LocalRotation.x
      value: -0
      objectReference: {fileID: 0}
    - target: {fileID: 416864, guid: d66c89601ce96d4419ce36a4dce3c401, type: 3}
      propertyPath: m_LocalRotation.y
      value: -0.6672412
      objectReference: {fileID: 0}
    - target: {fileID: 416864, guid: d66c89601ce96d4419ce36a4dce3c401, type: 3}
      propertyPath: m_LocalRotation.z
      value: -0
      objectReference: {fileID: 0}
    - target: {fileID: 416864, guid: d66c89601ce96d4419ce36a4dce3c401, type: 3}
      propertyPath: m_LocalEulerAnglesHint.x
      value: 0
      objectReference: {fileID: 0}
    - target: {fileID: 416864, guid: d66c89601ce96d4419ce36a4dce3c401, type: 3}
      propertyPath: m_LocalEulerAnglesHint.y
      value: -83.709
      objectReference: {fileID: 0}
    - target: {fileID: 416864, guid: d66c89601ce96d4419ce36a4dce3c401, type: 3}
      propertyPath: m_LocalEulerAnglesHint.z
      value: 0
      objectReference: {fileID: 0}
    m_RemovedComponents: []
  m_SourcePrefab: {fileID: 100100000, guid: d66c89601ce96d4419ce36a4dce3c401, type: 3}
--- !u!4 &937579494 stripped
Transform:
  m_CorrespondingSourceObject: {fileID: 416864, guid: d66c89601ce96d4419ce36a4dce3c401,
    type: 3}
  m_PrefabInstance: {fileID: 779343191}
  m_PrefabAsset: {fileID: 0}
--- !u!1 &1007107792
GameObject:
  m_ObjectHideFlags: 0
  m_CorrespondingSourceObject: {fileID: 0}
  m_PrefabInstance: {fileID: 0}
  m_PrefabAsset: {fileID: 0}
  serializedVersion: 6
  m_Component:
  - component: {fileID: 1007107793}
  m_Layer: 0
  m_Name: Environment
  m_TagString: Untagged
  m_Icon: {fileID: 0}
  m_NavMeshLayer: 0
  m_StaticEditorFlags: 0
  m_IsActive: 1
--- !u!4 &1007107793
Transform:
  m_ObjectHideFlags: 0
  m_CorrespondingSourceObject: {fileID: 0}
  m_PrefabInstance: {fileID: 0}
  m_PrefabAsset: {fileID: 0}
  m_GameObject: {fileID: 1007107792}
  m_LocalRotation: {x: 0, y: 0, z: 0, w: 1}
  m_LocalPosition: {x: 3.370206, y: 5.9550495, z: -6.112522}
  m_LocalScale: {x: 1, y: 1, z: 1}
  m_Children:
  - {fileID: 1750308486}
  - {fileID: 1210061180}
  - {fileID: 1224491630}
  - {fileID: 937579494}
  - {fileID: 1861607685}
  - {fileID: 1873359953}
  m_Father: {fileID: 0}
  m_RootOrder: 0
  m_LocalEulerAnglesHint: {x: 0, y: 0, z: 0}
--- !u!1001 &1137262468
PrefabInstance:
  m_ObjectHideFlags: 0
  serializedVersion: 2
  m_Modification:
    m_TransformParent: {fileID: 1007107793}
    m_Modifications:
    - target: {fileID: 139386, guid: c2849fd453abd0445a702a035f04ac60, type: 3}
      propertyPath: m_Name
      value: SM_Prop_Crate_01
      objectReference: {fileID: 0}
    - target: {fileID: 139386, guid: c2849fd453abd0445a702a035f04ac60, type: 3}
      propertyPath: m_StaticEditorFlags
      value: 4294967295
      objectReference: {fileID: 0}
    - target: {fileID: 413494, guid: c2849fd453abd0445a702a035f04ac60, type: 3}
      propertyPath: m_RootOrder
      value: 1
      objectReference: {fileID: 0}
    - target: {fileID: 413494, guid: c2849fd453abd0445a702a035f04ac60, type: 3}
      propertyPath: m_LocalScale.x
      value: 1.1783
      objectReference: {fileID: 0}
    - target: {fileID: 413494, guid: c2849fd453abd0445a702a035f04ac60, type: 3}
      propertyPath: m_LocalScale.y
      value: 1.1783
      objectReference: {fileID: 0}
    - target: {fileID: 413494, guid: c2849fd453abd0445a702a035f04ac60, type: 3}
      propertyPath: m_LocalScale.z
      value: 1.1783
      objectReference: {fileID: 0}
    - target: {fileID: 413494, guid: c2849fd453abd0445a702a035f04ac60, type: 3}
      propertyPath: m_LocalPosition.x
      value: -15.710206
      objectReference: {fileID: 0}
    - target: {fileID: 413494, guid: c2849fd453abd0445a702a035f04ac60, type: 3}
      propertyPath: m_LocalPosition.y
      value: -5.92
      objectReference: {fileID: 0}
    - target: {fileID: 413494, guid: c2849fd453abd0445a702a035f04ac60, type: 3}
      propertyPath: m_LocalPosition.z
      value: -14.840061
      objectReference: {fileID: 0}
    - target: {fileID: 413494, guid: c2849fd453abd0445a702a035f04ac60, type: 3}
      propertyPath: m_LocalRotation.w
      value: 1
      objectReference: {fileID: 0}
    - target: {fileID: 413494, guid: c2849fd453abd0445a702a035f04ac60, type: 3}
      propertyPath: m_LocalRotation.x
      value: -0
      objectReference: {fileID: 0}
    - target: {fileID: 413494, guid: c2849fd453abd0445a702a035f04ac60, type: 3}
      propertyPath: m_LocalRotation.y
      value: -0
      objectReference: {fileID: 0}
    - target: {fileID: 413494, guid: c2849fd453abd0445a702a035f04ac60, type: 3}
      propertyPath: m_LocalRotation.z
      value: -0
      objectReference: {fileID: 0}
    - target: {fileID: 413494, guid: c2849fd453abd0445a702a035f04ac60, type: 3}
      propertyPath: m_LocalEulerAnglesHint.x
      value: 0
      objectReference: {fileID: 0}
    - target: {fileID: 413494, guid: c2849fd453abd0445a702a035f04ac60, type: 3}
      propertyPath: m_LocalEulerAnglesHint.y
      value: 0
      objectReference: {fileID: 0}
    - target: {fileID: 413494, guid: c2849fd453abd0445a702a035f04ac60, type: 3}
      propertyPath: m_LocalEulerAnglesHint.z
      value: 0
      objectReference: {fileID: 0}
    m_RemovedComponents: []
  m_SourcePrefab: {fileID: 100100000, guid: c2849fd453abd0445a702a035f04ac60, type: 3}
--- !u!1001 &1201382672
PrefabInstance:
  m_ObjectHideFlags: 0
  serializedVersion: 2
  m_Modification:
    m_TransformParent: {fileID: 1007107793}
    m_Modifications:
    - target: {fileID: 130724, guid: d66c89601ce96d4419ce36a4dce3c401, type: 3}
      propertyPath: m_Name
      value: SM_Bld_Fence_02 (1)
      objectReference: {fileID: 0}
    - target: {fileID: 130724, guid: d66c89601ce96d4419ce36a4dce3c401, type: 3}
      propertyPath: m_StaticEditorFlags
      value: 4294967295
      objectReference: {fileID: 0}
    - target: {fileID: 416864, guid: d66c89601ce96d4419ce36a4dce3c401, type: 3}
      propertyPath: m_RootOrder
      value: 2
      objectReference: {fileID: 0}
    - target: {fileID: 416864, guid: d66c89601ce96d4419ce36a4dce3c401, type: 3}
      propertyPath: m_LocalPosition.x
      value: -17.020206
      objectReference: {fileID: 0}
    - target: {fileID: 416864, guid: d66c89601ce96d4419ce36a4dce3c401, type: 3}
      propertyPath: m_LocalPosition.y
      value: -6.1250496
      objectReference: {fileID: 0}
    - target: {fileID: 416864, guid: d66c89601ce96d4419ce36a4dce3c401, type: 3}
      propertyPath: m_LocalPosition.z
      value: -11.097477
      objectReference: {fileID: 0}
    - target: {fileID: 416864, guid: d66c89601ce96d4419ce36a4dce3c401, type: 3}
      propertyPath: m_LocalRotation.w
      value: 0.78921926
      objectReference: {fileID: 0}
    - target: {fileID: 416864, guid: d66c89601ce96d4419ce36a4dce3c401, type: 3}
      propertyPath: m_LocalRotation.x
      value: -0
      objectReference: {fileID: 0}
    - target: {fileID: 416864, guid: d66c89601ce96d4419ce36a4dce3c401, type: 3}
      propertyPath: m_LocalRotation.y
      value: 0.6141116
      objectReference: {fileID: 0}
    - target: {fileID: 416864, guid: d66c89601ce96d4419ce36a4dce3c401, type: 3}
      propertyPath: m_LocalRotation.z
      value: -0
      objectReference: {fileID: 0}
    - target: {fileID: 416864, guid: d66c89601ce96d4419ce36a4dce3c401, type: 3}
      propertyPath: m_LocalEulerAnglesHint.x
      value: 0
      objectReference: {fileID: 0}
    - target: {fileID: 416864, guid: d66c89601ce96d4419ce36a4dce3c401, type: 3}
      propertyPath: m_LocalEulerAnglesHint.y
      value: 75.775
      objectReference: {fileID: 0}
    - target: {fileID: 416864, guid: d66c89601ce96d4419ce36a4dce3c401, type: 3}
      propertyPath: m_LocalEulerAnglesHint.z
      value: 0
      objectReference: {fileID: 0}
    m_RemovedComponents: []
  m_SourcePrefab: {fileID: 100100000, guid: d66c89601ce96d4419ce36a4dce3c401, type: 3}
--- !u!4 &1210061180 stripped
Transform:
  m_CorrespondingSourceObject: {fileID: 413494, guid: c2849fd453abd0445a702a035f04ac60,
    type: 3}
  m_PrefabInstance: {fileID: 1137262468}
  m_PrefabAsset: {fileID: 0}
--- !u!4 &1224491630 stripped
Transform:
  m_CorrespondingSourceObject: {fileID: 416864, guid: d66c89601ce96d4419ce36a4dce3c401,
    type: 3}
  m_PrefabInstance: {fileID: 1201382672}
  m_PrefabAsset: {fileID: 0}
--- !u!4 &1750308486 stripped
Transform:
  m_CorrespondingSourceObject: {fileID: 416864, guid: d66c89601ce96d4419ce36a4dce3c401,
    type: 3}
  m_PrefabInstance: {fileID: 1791260072}
  m_PrefabAsset: {fileID: 0}
--- !u!1001 &1791260072
PrefabInstance:
  m_ObjectHideFlags: 0
  serializedVersion: 2
  m_Modification:
    m_TransformParent: {fileID: 1007107793}
    m_Modifications:
    - target: {fileID: 130724, guid: d66c89601ce96d4419ce36a4dce3c401, type: 3}
      propertyPath: m_Name
      value: SM_Bld_Fence_02
      objectReference: {fileID: 0}
    - target: {fileID: 130724, guid: d66c89601ce96d4419ce36a4dce3c401, type: 3}
      propertyPath: m_StaticEditorFlags
      value: 4294967295
      objectReference: {fileID: 0}
    - target: {fileID: 416864, guid: d66c89601ce96d4419ce36a4dce3c401, type: 3}
      propertyPath: m_RootOrder
      value: 0
      objectReference: {fileID: 0}
    - target: {fileID: 416864, guid: d66c89601ce96d4419ce36a4dce3c401, type: 3}
      propertyPath: m_LocalScale.x
      value: 2.4965472
      objectReference: {fileID: 0}
    - target: {fileID: 416864, guid: d66c89601ce96d4419ce36a4dce3c401, type: 3}
      propertyPath: m_LocalScale.z
      value: 2.4965472
      objectReference: {fileID: 0}
    - target: {fileID: 416864, guid: d66c89601ce96d4419ce36a4dce3c401, type: 3}
      propertyPath: m_LocalPosition.x
      value: -16.430206
      objectReference: {fileID: 0}
    - target: {fileID: 416864, guid: d66c89601ce96d4419ce36a4dce3c401, type: 3}
      propertyPath: m_LocalPosition.y
      value: -6.1250496
      objectReference: {fileID: 0}
    - target: {fileID: 416864, guid: d66c89601ce96d4419ce36a4dce3c401, type: 3}
      propertyPath: m_LocalPosition.z
      value: -15.057478
      objectReference: {fileID: 0}
    - target: {fileID: 416864, guid: d66c89601ce96d4419ce36a4dce3c401, type: 3}
      propertyPath: m_LocalRotation.w
      value: 0.71012753
      objectReference: {fileID: 0}
    - target: {fileID: 416864, guid: d66c89601ce96d4419ce36a4dce3c401, type: 3}
      propertyPath: m_LocalRotation.x
      value: -0
      objectReference: {fileID: 0}
    - target: {fileID: 416864, guid: d66c89601ce96d4419ce36a4dce3c401, type: 3}
      propertyPath: m_LocalRotation.y
      value: 0.70407313
      objectReference: {fileID: 0}
    - target: {fileID: 416864, guid: d66c89601ce96d4419ce36a4dce3c401, type: 3}
      propertyPath: m_LocalRotation.z
      value: -0
      objectReference: {fileID: 0}
    - target: {fileID: 416864, guid: d66c89601ce96d4419ce36a4dce3c401, type: 3}
      propertyPath: m_LocalEulerAnglesHint.x
      value: 0
      objectReference: {fileID: 0}
    - target: {fileID: 416864, guid: d66c89601ce96d4419ce36a4dce3c401, type: 3}
      propertyPath: m_LocalEulerAnglesHint.y
      value: 89.509
      objectReference: {fileID: 0}
    - target: {fileID: 416864, guid: d66c89601ce96d4419ce36a4dce3c401, type: 3}
      propertyPath: m_LocalEulerAnglesHint.z
      value: 0
      objectReference: {fileID: 0}
    m_RemovedComponents: []
  m_SourcePrefab: {fileID: 100100000, guid: d66c89601ce96d4419ce36a4dce3c401, type: 3}
--- !u!1001 &1806168853
PrefabInstance:
  m_ObjectHideFlags: 0
  serializedVersion: 2
  m_Modification:
    m_TransformParent: {fileID: 1007107793}
    m_Modifications:
    - target: {fileID: 130724, guid: d66c89601ce96d4419ce36a4dce3c401, type: 3}
      propertyPath: m_Name
      value: SM_Bld_Fence_02 (3)
      objectReference: {fileID: 0}
    - target: {fileID: 130724, guid: d66c89601ce96d4419ce36a4dce3c401, type: 3}
      propertyPath: m_StaticEditorFlags
      value: 4294967295
      objectReference: {fileID: 0}
    - target: {fileID: 416864, guid: d66c89601ce96d4419ce36a4dce3c401, type: 3}
      propertyPath: m_RootOrder
      value: 4
      objectReference: {fileID: 0}
    - target: {fileID: 416864, guid: d66c89601ce96d4419ce36a4dce3c401, type: 3}
      propertyPath: m_LocalScale.x
      value: 2.4965472
      objectReference: {fileID: 0}
    - target: {fileID: 416864, guid: d66c89601ce96d4419ce36a4dce3c401, type: 3}
      propertyPath: m_LocalScale.z
      value: 2.4965472
      objectReference: {fileID: 0}
    - target: {fileID: 416864, guid: d66c89601ce96d4419ce36a4dce3c401, type: 3}
      propertyPath: m_LocalPosition.x
      value: -8.540206
      objectReference: {fileID: 0}
    - target: {fileID: 416864, guid: d66c89601ce96d4419ce36a4dce3c401, type: 3}
      propertyPath: m_LocalPosition.y
      value: -6.1250496
      objectReference: {fileID: 0}
    - target: {fileID: 416864, guid: d66c89601ce96d4419ce36a4dce3c401, type: 3}
      propertyPath: m_LocalPosition.z
      value: -13.337479
      objectReference: {fileID: 0}
    - target: {fileID: 416864, guid: d66c89601ce96d4419ce36a4dce3c401, type: 3}
      propertyPath: m_LocalRotation.w
      value: 0.6890924
      objectReference: {fileID: 0}
    - target: {fileID: 416864, guid: d66c89601ce96d4419ce36a4dce3c401, type: 3}
      propertyPath: m_LocalRotation.x
      value: -0
      objectReference: {fileID: 0}
    - target: {fileID: 416864, guid: d66c89601ce96d4419ce36a4dce3c401, type: 3}
      propertyPath: m_LocalRotation.y
      value: -0.72467357
      objectReference: {fileID: 0}
    - target: {fileID: 416864, guid: d66c89601ce96d4419ce36a4dce3c401, type: 3}
      propertyPath: m_LocalRotation.z
      value: -0
      objectReference: {fileID: 0}
    - target: {fileID: 416864, guid: d66c89601ce96d4419ce36a4dce3c401, type: 3}
      propertyPath: m_LocalEulerAnglesHint.x
      value: 0
      objectReference: {fileID: 0}
    - target: {fileID: 416864, guid: d66c89601ce96d4419ce36a4dce3c401, type: 3}
      propertyPath: m_LocalEulerAnglesHint.y
      value: -92.883
      objectReference: {fileID: 0}
    - target: {fileID: 416864, guid: d66c89601ce96d4419ce36a4dce3c401, type: 3}
      propertyPath: m_LocalEulerAnglesHint.z
      value: 0
      objectReference: {fileID: 0}
    m_RemovedComponents: []
  m_SourcePrefab: {fileID: 100100000, guid: d66c89601ce96d4419ce36a4dce3c401, type: 3}
--- !u!4 &1861607685 stripped
Transform:
  m_CorrespondingSourceObject: {fileID: 416864, guid: d66c89601ce96d4419ce36a4dce3c401,
    type: 3}
  m_PrefabInstance: {fileID: 1806168853}
  m_PrefabAsset: {fileID: 0}
--- !u!1 &1873359950
GameObject:
  m_ObjectHideFlags: 0
  m_CorrespondingSourceObject: {fileID: 0}
  m_PrefabInstance: {fileID: 0}
  m_PrefabAsset: {fileID: 0}
  serializedVersion: 6
  m_Component:
  - component: {fileID: 1873359953}
  - component: {fileID: 1873359952}
  - component: {fileID: 1873359951}
  m_Layer: 0
  m_Name: Sandbox 2 Terrain
  m_TagString: Untagged
  m_Icon: {fileID: 0}
  m_NavMeshLayer: 0
  m_StaticEditorFlags: 4294967295
  m_IsActive: 1
--- !u!154 &1873359951
TerrainCollider:
  m_ObjectHideFlags: 0
  m_CorrespondingSourceObject: {fileID: 0}
  m_PrefabInstance: {fileID: 0}
  m_PrefabAsset: {fileID: 0}
  m_GameObject: {fileID: 1873359950}
  m_Material: {fileID: 0}
  m_Enabled: 1
  m_TerrainData: {fileID: 15600000, guid: 1bfb1d077285c49118e8640aa30c7a66, type: 2}
  m_EnableTreeColliders: 1
--- !u!218 &1873359952
Terrain:
  m_ObjectHideFlags: 0
  m_CorrespondingSourceObject: {fileID: 0}
  m_PrefabInstance: {fileID: 0}
  m_PrefabAsset: {fileID: 0}
  m_GameObject: {fileID: 1873359950}
  m_Enabled: 1
  serializedVersion: 6
  m_TerrainData: {fileID: 15600000, guid: 1bfb1d077285c49118e8640aa30c7a66, type: 2}
  m_TreeDistance: 5000
  m_TreeBillboardDistance: 50
  m_TreeCrossFadeLength: 5
  m_TreeMaximumFullLODCount: 50
  m_DetailObjectDistance: 80
  m_DetailObjectDensity: 1
  m_HeightmapPixelError: 5
  m_SplatMapDistance: 1000
  m_HeightmapMaximumLOD: 0
  m_ShadowCastingMode: 2
  m_DrawHeightmap: 1
  m_DrawInstanced: 0
  m_DrawTreesAndFoliage: 1
  m_ReflectionProbeUsage: 1
  m_MaterialTemplate: {fileID: 10652, guid: 0000000000000000f000000000000000, type: 0}
  m_BakeLightProbesForTrees: 1
  m_PreserveTreePrototypeLayers: 0
  m_DeringLightProbesForTrees: 1
  m_ScaleInLightmap: 0.0256
  m_LightmapParameters: {fileID: 15203, guid: 0000000000000000f000000000000000, type: 0}
  m_GroupingID: 0
  m_RenderingLayerMask: 1
  m_AllowAutoConnect: 1
--- !u!4 &1873359953
Transform:
  m_ObjectHideFlags: 0
  m_CorrespondingSourceObject: {fileID: 0}
  m_PrefabInstance: {fileID: 0}
  m_PrefabAsset: {fileID: 0}
  m_GameObject: {fileID: 1873359950}
  m_LocalRotation: {x: -0, y: -0, z: -0, w: 1}
  m_LocalPosition: {x: -53.370205, y: -5.9550495, z: -43.887478}
  m_LocalScale: {x: 1, y: 1, z: 1}
  m_Children: []
  m_Father: {fileID: 1007107793}
  m_RootOrder: 5
  m_LocalEulerAnglesHint: {x: 0, y: 0, z: 0}
